 Dungeon Crawl Stone Soup version 0.29-a0-322-g68df515428 (webtiles) character file.

Game seed: 3368340497129213025

32 sammy202020 the Skirmisher (level 3, 29/29 HPs)
             Began as a Demonspawn Berserker on Apr 5, 2022.
             Was a Follower of Trog.
             Quit the game on level 3 of the Dungeon.
             The game lasted 00:01:36 (1238 turns).

sammy202020 the Skirmisher (Demonspawn Berserker)   Turns: 1238, Time: 00:01:37

Health: 29/29      AC:  3    Str: 17    XL:     3   Next: 10%
Magic:  3/3        EV: 12    Int: 10    God:    Trog [*.....]
Gold:   101        SH:  0    Dex: 12    Spells: 2/2 levels left

rFire   . . .      SeeInvis .   n - +0 war axe
rCold   . . .      Faith    .   (no shield)
rNeg    . . .      Spirit   .   b - +0 animal skin
rPois   .          Reflect  .   (no helmet)
rElec   .          Harm     .   e - +0 cloak
rCorr   .          Rampage  .   (no gloves)
Will    .....                   (no boots)
Stlth   +.........              (no amulet)
HPRegen 0.09/turn               (no ring)
MPRegen 0.08/turn               (no ring)

@: no status effects
A: hooves 1
a: Renounce Religion, Berserk


You were on level 3 of the Dungeon.
You worshipped Trog.
Trog was aware of your devotion.
You visited 1 branch of the dungeon, and saw 3 of its levels.

You collected 101 gold pieces.

Inventory:

Hand Weapons
 a - a +0 hand axe
 n - a +0 war axe (weapon)
Missiles
 p - 3 poisoned darts (quivered)
Armour
 b - a +0 animal skin (worn)
 e - a +0 cloak (worn)
Jewellery
 m - an amulet of magic regeneration
 q - a ring of willpower
Scrolls
 c - a scroll of teleportation {unknown}
 d - 2 scrolls of identify {unknown}
 f - 2 scrolls of enchant weapon {unknown}
 h - 2 scrolls of vulnerability {unknown}
 i - a scroll of immolation {unknown}
Potions
 g - 2 potions of haste {unknown}
 j - a potion of heal wounds {unknown}
 k - a potion of berserk rage {unknown}
 l - a potion of brilliance {unknown}
 o - a potion of cancellation {unknown}


   Skills:
 * Level 3.5 Fighting
 * Level 3.2 Axes
 + Level 2.1 Armour
 - Level 1.7 Dodging


You had 2 spell levels left.
You didn't know any spells.
Your spell library was empty.

Dungeon Overview and Level Annotations

Branches:
Dungeon (3/15)

Altars:


Innate Abilities, Weirdness & Mutations

You have large cloven feet.


Message History

You now have 101 gold pieces (gained 18).
Found a war axe.
You see here a +0 war axe.
You see here a +0 war axe.
You see here a frilled lizard corpse.
Done exploring.
Done exploring.
There is a stone staircase leading down here.
You climb downwards.
The goblin shouts!
There is a stone staircase leading up here.
A goblin is nearby!
A goblin is nearby!
You completely miss the goblin. You kick the goblin.
You kill the goblin!
Trog accepts your kill.
No target in view!
No target in view!
No target in view!
No target in view!
No target in view!
No target in view!
No target in view!
No target in view!
No target in view!
No target in view!
No target in view!
No target in view!
No target in view!
No target in view!
Things that are here:
a +0 club; a +0 hunting sling; a goblin corpse You open the door.
There is an open door here.
Found a robe.
You hear an angry hiss.
You hear a shout!
Found a faded altar of an unknown god.
No target in view!
Are you sure you want to abandon this character and quit the game? (Confirm with "yes".)

#########
#####........
#...........# ♣.
#...........# ._.
#....<......# .PP.
#.....########...♣.
+.....'.......[.P..
#....)#####@#.#.##.
#.....# #.# #
#.....# #.# ###+###
#.# ..# ... ###


There were no monsters in sight!

Vanquished Creatures
  An adder (D:2)
  3 ball pythons
  2 endoplasms (D:2)
  A giant cockroach (D:2)
  3 goblins
  A hobgoblin (D:2)
  2 jackals (D:1)
  A quokka (D:2)
  3 frilled lizards (D:2)
  A kobold (D:1)
  5 rats (D:2)
23 creatures vanquished.

Vanquished Creatures (others)
  A withered plant (D:3)
1 creature vanquished.

Grand Total: 24 creatures vanquished

Notes
Turn   | Place    | Note
-------+----------+-------------------------------------------
     0 | D:1      | sammy202020 the Demonspawn Berserker began the quest for
                  | the Orb.
     0 | D:1      | Reached XP level 1. HP: 18/18 MP: 1/1
   579 | D:2      | Gained mutation: You have large cloven feet. [demonic
                  | ancestry]
   579 | D:2      | Reached XP level 2. HP: 18/24 MP: 2/2
  1093 | D:2      | Reached XP level 3. HP: 29/29 MP: 3/3
  1237 | D:3      | Found a faded altar of an unknown god.
  1238 | D:3      | Quit the game

Illustrated notes

Levels and vault maps discovered:
D:1:      tarquinn_simple_flora_water_e, layout_basic
D:2:      layout_rooms
D:3:      layout_basic, serial_shops, nicolae_shop_hallway_plus,
          ebering_ecumenical_altar_petrified, uniq_natasha, uniq_grinder

Skill      XL: |  1  2 |
---------------+-------+-----
Axes           | 3 |  3.2
Armour         | 2 |  2.1
Fighting       | |  3.5
Dodging        | |  1.7

Action                   || total
-------------------------++-------
Melee: Hand axe          ||    24
       War axe           ||    27
       Kick              ||     4
Armor: Animal skin       ||    13
Dodge: Dodged            ||    45

Table legend: (Time is in decaauts)
 A = Elapsed time spent in this place.
 B = Non-inter-level travel time spent in this place.
 C = Inter-level travel time spent in this place.
 D = Time resting spent in this place.
 E = Time spent auto-exploring this place.
 F = Levels seen in this place.
 G = Mean time per level.
                   A        B        C        D        E       F      G
               +--------+--------+--------+--------+--------+-----+--------+
         Total |   1249 |   1249 |      0 |      0 |   1009 |   3 |  416.3 |
       Dungeon |   1249 |   1249 |      0 |      0 |   1009 |   3 |  416.3 |
               +--------+--------+--------+--------+--------+-----+--------+

Top non-repeatable levels by time:
     D:2: 675 daAuts
     D:1: 560 daAuts
     D:3: 14 daAuts
